 Dungeon Crawl Stone Soup version 0.23.0-3-gf3c87f2df8 (webtiles) character file.

Game seed: 3636626396463962919

236315 Peloso the Hoplite (level 18, -4/170 HPs)
             Began as a Minotaur Fighter on Feb 24, 2019.
             Was the Champion of Okawaru.
             Drowned by a drowned soul (16 damage)
             ... summoned by a merfolk avatar
             ... on level 4 of the Shoals.
             The game lasted 02:20:57 (44125 turns).

Peloso the Hoplite (Minotaur Fighter)              Turns: 44125, Time: 02:20:58

Health: -4/170     AC: 27    Str: 27    XL:     18   Next: 50%
Magic:  19/19      EV: 13    Int:  6    God:    Okawaru [******]
Gold:   656        SH: 20    Dex: 20    Spells: 17/17 levels left

rFire    + . .     SeeInvis .   a - +4 double sword (slice)
rCold    . . .     Gourm    .   c - +2 shield "Diraolef" {rF+ MR+}
rNeg     + + .     Faith    .   o - +5 plate armour of Beogh's Pride {rCorr}
rPois    .         Spirit   .   B - +2 hat {MR+}
rElec    +         Reflect  .   u - scarf {repulsion}
rCorr    +         Harm     .   S - +2 pair of gloves {archery}
MR       +++..     NoCast   +   r - -4 pair of boots of Liberalism {-Cast rN+ Dex+4}
Stlth    ..........             N - amulet "Uruemuh" {RegenMP rElec Dex+2}
HPRegen  0.38/turn              x - +2 ring of slaying
MPRegen  0.41/turn              q - ring of the Octopus King {rN+ AC+1 EV+1 Str+1 Int+1 Dex+1}

@: mesmerised, repel missiles, very slow
A: retaliatory headbutt, horns 2
}: 2/15 runes: serpentine, barnacled
a: Heroism, Finesse, Renounce Religion


You were on level 4 of the Shoals.
You worshipped Okawaru.
Okawaru was exalted by your worship.
You were near starving.

You visited 6 branches of the dungeon, and saw 32 of its levels.
You visited 1 bazaar.
You also visited: Sewer and Ossuary.

You collected 3067 gold pieces.
You spent 2411 gold pieces at shops.

Inventory:

Hand Weapons
 a - a +4 double sword of slicing (weapon)
 b - a +4 scimitar of flaming
 L - the +4 double sword "Waodwees" {drain, Stlth+}
   (Okawaru gifted it to you on level 4 of the Shoals)

   A truly terrible weapon, it drains the life of those it strikes.
   It makes you more stealthy.
 P - a +0 antimagic demon trident
 Q - the cursed +1 rapier of Integrity {freeze, rPois MR+ Int-4 SInv, unknown}
   (You found it on level 4 of the Shoals)

   It has been specially enchanted to freeze those struck by it, causing extra
   injury to most foes and up to half again as much damage against particularly
   susceptible opponents.
   It can also slow down cold-blooded creatures.
   It affects your intelligence (-4).
   It protects you from poison.
   It affects your resistance to hostile enchantments.
   It lets you see invisible.
   It has a curse placed upon it.
Armour
 c - the +2 shield "Diraolef" (worn) {rF+ MR+}
   (Okawaru gifted it to you on level 10 of the Dungeon)

   It protects you from fire.
   It affects your resistance to hostile enchantments.
 j - a +2 hat of intelligence
 o - the +5 plate armour of Beogh's Pride (worn) {rCorr}
   (You bought it in a shop on level 2 of the Orcish Mines)

   It provides partial protection from all sources of acid and corrosion.
 r - the -4 pair of boots of Liberalism (worn) {-Cast rN+ Dex+4}
   (Okawaru gifted it to you on level 15 of the Dungeon)

   It affects your dexterity (+4).
   It protects you from negative energy.
   It prevents spellcasting.
 u - a scarf of repulsion (worn)
 B - a +2 hat of magic resistance (worn)
 S - a +2 pair of gloves of archery (worn)
Jewellery
 h - an uncursed ring of see invisible
 n - an uncursed ring of protection from fire
 q - a ring of the Octopus King (right hand) {rN+ AC+1 EV+1 Str+1 Int+1 Dex+1}
   (You bought it in a shop on level 1 of the Shoals)

   [ring of positive energy]

   It affects your AC (+1).
   It affects your evasion (+1).
   It affects your strength (+1).
   It affects your intelligence (+1).
   It affects your dexterity (+1).
   It protects you from negative energy.
 s - a +1 ring of protection
 x - a +2 ring of slaying (left hand)
 A - an uncursed ring of wizardry
 C - an uncursed ring of stealth
 G - an uncursed amulet of harm
 J - the ring "Vyxyunu" {Ice +Inv rPois Int+5}
   (You took it off a merfolk on level 4 of the Shoals)

   [ring of ice]

   It enhances your ice magic.
   It affects your intelligence (+5).
   It makes you vulnerable to fire.
   It protects you from cold.
   It protects you from poison.
   It lets you turn invisible.
 K - the ring "Pyidojui" {MP+9 Int+3}
   (You found it on level 4 of the Shoals)

   [ring of magical power]

   It affects your intelligence (+3).
   It affects your magic capacity (+9).
 N - the amulet "Uruemuh" (around neck) {RegenMP rElec Dex+2}
   (You found it on level 8 of the Dungeon)

   [amulet of magic regeneration]

   It increases your magic regeneration.
   It affects your dexterity (+2).
   It insulates you from electricity.
 O - an uncursed ring of poison resistance
Wands
 l - a wand of digging (7)
 v - a wand of paralysis (9)
 F - a wand of polymorph (9)
Scrolls
 e - a scroll of fog
 k - 13 scrolls of remove curse
 t - 12 scrolls of teleportation
 y - a scroll of noise
 E - 2 scrolls of enchant weapon
 H - 5 scrolls of magic mapping
 M - 3 scrolls of fear
 U - 3 scrolls of summoning {unknown}
 W - 4 scrolls of enchant armour {unknown}
Potions
 d - 4 potions of might
 g - 2 potions of mutation
 i - 4 potions of agility
 m - 2 potions of haste
 p - a potion of resistance
 w - 2 potions of flight
 D - 5 potions of curing
 I - 4 potions of berserk rage
Comestibles
 f - 48 rations


   Skills:
 + Level 17.5 Fighting
 + Level 18.7 Long Blades
 + Level 17.1 Armour
 + Level 5.6 Dodging
 + Level 3.4 Stealth
 + Level 22.0 Shields
 + Level 3.9 Invocations
 + Level 1.4 Evocations


You had 17 spell levels left.
You didn't know any spells.
Your spell library contained the following spells:

 Spells                   Type           Power        Failure   Level  Hunger
 Animate Skeleton         Necr           N/A          95%         1    ##.....
 Apportation              Tloc           #.....       95%         1    ##.....
 Beastly Appendage        Tmut           #.....       95%         1    ##.....
 Confusing Touch          Hex            #.....       95%         1    ##.....
 Flame Tongue             Conj/Fire      #....        95%         1    ##.....
 Infusion                 Chrm           #...         95%         1    ##.....
 Magic Dart               Conj           #...         95%         1    ##.....
 Summon Small Mammal      Summ           #...         95%         1    ##.....
 Blink                    Tloc           N/A          99%         2    ###....
 Call Imp                 Summ           #.......     99%         2    ###....
 Ensorcelled Hibernation  Hex/Ice        #.....       99%         2    ###....
 Poisonous Vapours        Pois/Air       #.....       99%         2    ###....
 Searing Ray              Conj           #.....       99%         2    ###....
 Shroud of Golubria       Chrm/Tloc      #.........   99%         2    ###....
 Slow                     Hex            #.......     99%         2    ###....
 Song of Slaying          Chrm           #.......     99%         2    ###....
 Sticks to Snakes         Tmut           #.......     99%         2    ###....
 Throw Flame              Conj/Fire      #.....       99%         2    ###....
 Confuse                  Hex            #.......     100%        3    ####...
 Conjure Flame            Conj/Fire      #.......     100%        3    ####...
 Dazzling Spray           Conj/Hex       #.....       100%        3    ####...
 Gell's Gravitas          Tloc           #.........   100%        3    ####...
 Inner Flame              Hex/Fire       #.......     100%        3    ####...
 Mephitic Cloud           Conj/Pois/Air  #.......     100%        3    ####...
 Regeneration             Chrm/Necr      #.........   100%        3    ####...
 Spectral Weapon          Hex/Chrm       #.......     100%        3    ####...
 Spider Form              Tmut/Pois      #.........   100%        3    ####...
 Summon Guardian Golem    Hex/Summ       #.......     100%        3    ####...
 Teleport Other           Tloc           #.......     100%        3    ####...
 Force Lance              Conj/Tloc      #.......     100%        4    #####..
 Fulminant Prism          Conj/Hex       #.........   100%        4    #####..
 Ice Form                 Ice/Tmut       #.......     100%        4    #####..
 Iskenderun's Mystic Bla  Conj           #.......     100%        4    #####..
 Leda's Liquefaction      Hex/Erth       #.........   100%        4    #####..
 Petrify                  Tmut/Erth      #.......     100%        4    #####..
 Sticky Flame             Conj/Fire      #.......     100%        4    #####..
 Blade Hands              Tmut           #.........   100%        5    ######.
 Bolt of Magma            Conj/Fire/Erth #.........   100%        5    ######.
 Fireball                 Conj/Fire      #.........   100%        5    ######.
 Metabolic Englaciation   Hex/Ice        #.........   100%        5    ######.
 Yara's Violent Unravell  Hex/Tmut       #.........   100%        5    ######.
 Dispersal                Tloc           #.........   100%        6    #######
 Freezing Cloud           Conj/Ice/Air   #.........   100%        6    #######
 Iron Shot                Conj/Erth      #.........   100%        6    #######
 Statue Form              Tmut/Erth      #........    100%        6    #######
 Ring of Flames           Chrm/Fire      #.........   100%        7    #######
 Shatter                  Erth           #.........   100%        9    #######


Dungeon Overview and Level Annotations

Branches:
Dungeon (15/15)            Temple (1/1) D:4            Lair (6/6) D:11
 Shoals (4/4) Lair:4        Snake (4/4) Lair:3        Slime (0/5) Lair:5
    Orc (2/2) D:12            Elf (0/3) Orc:2        Vaults (0/5) D:14
 Depths (0/5) D:15

Altars:
Ashenzari
Cheibriados
Dithmenos
Fedhas
Gozag
Hepliaklqana
Kikubaaqudgha
Makhleb
Nemelex Xobeh
Okawaru
Qazlal
Ru
Sif Muna
Trog
Uskayaw
Vehumet
Wu Jian
Xom
Yredelemnul
The Shining One
Jiyva

Shops:
D:10 *   D:11 [   Orc:1 *?((   Orc:2 ![([   Shoals:1 =   Shoals:2 *

Annotations:
D:6 3 runed translucent doors, harness's ghost, amateur DrTm
D:11 3 runed translucent doors, milododd's ghost, journeyman FoBe


Innate Abilities, Weirdness & Mutations

You reflexively headbutt those who attack you in melee.
You have a pair of horns on your head.


Message History

The drowned soul drowns you!
* * * LOW HITPOINT WARNING * * *
Your unstable footing causes you to fumble your attack.
You feel sick.
The merfolk avatar chants its luring song.
The drowned soul touches you. The drowned soul drowns you!
* * * LOW HITPOINT WARNING * * *
Unknown command.
Your unstable footing causes you to fumble your attack.
The merfolk avatar chants its luring song.
Unknown command.
Your unstable footing causes you to fumble your attack.
You block the drowned soul's attack. The drowned soul touches you.
The drowned soul drowns you!
* * * LOW HITPOINT WARNING * * *
Unknown command.
You feel better.
The merfolk avatar chants its luring song.
The drowned soul touches you. The drowned soul drowns you!
You die...

###############
≈≈≈≈≈≈≈≈≈≈≈≈≈≈≈
≈≈≈≈≈≈≈≈≈≈≈≈≈≈≈≈
≈≈≈≈≈≈≈≈≈≈≈≈≈≈≈≈≈
≈≈≈≈≈≈≈≈≈≈≈≈≈≈≈≈≈≈≈≈≈
≈≈≈≈≈≈≈≈≈≈≈≈≈≈≈≈≈≈≈≈≈≈≈
≈≈≈≈≈≈m≈≈≈≈≈≈≈≈...≈≈≈≈≈≈
≈≈≈≈≈≈≈@≈≈≈≈≈≈.....≈≈≈≈≈
≈≈≈≈≈≈≈≈....≈......≈≈≈≈≈
≈≈≈≈≈≈≈.............(.≈≈
≈≈≈W≈≈≈..).............≈
≈≈≈≈≈≈.................≈
≈≈≈≈≈≈...##'##..........
≈≈≈≈≈≈..##.).##.....(...
≈≈≈≈≈≈..#.....#......###
≈≈≈≈≈≈≈.#..)$.#......##≈


You could see a merfolk avatar and a drowned soul.

Vanquished Creatures
  Vashnia (Snake:3)
  Rupert (D:13)
  Polyphemus (Shoals:2)
  A kraken (Shoals:3)
  Frances (Shoals:1)
  The ghost of popps the Warrior, an adept GrFi of Okawaru (Shoals:4)
  Kirke (Lair:5)
  Roxanne (Shoals:4)
  17 nagarajas
  An ironheart preserver (D:14)
  Nessos (D:12)
  The ghost of P0WERM0DE the Cleaver, a journeyman DDFi of Makhleb (Snake:2)
  The ghost of Howlingfantods the Blocker, a journeyman MiFi of Okawaru (Orc:2)
  An ettin (D:15)
  9 merfolk impalers
  3 merfolk javelineers
  A fire dragon (Lair:6)
  An ogre mage (D:15)
  10 naga warriors
  7 hydras
  4 centaur warriors
  10 anacondas
  3 merfolk aquamancers (Shoals:4)
  A merfolk avatar (Shoals:2)
  2 catoblepae
  15 two-headed ogres
  3 alligator snapping turtles
  4 death yaks (Shoals:2)
  2 tengu warriors (D:14)
  20 naga sharpshooters
  Urug (Lair:1)
  3 shock serpents
  A deep elf knight (D:15)
  4 skeletal warriors (D:12)
  5 naga ritualists
  A salamander mystic (Snake:1)
  2 deep trolls (Orc:2)
  15 sea snakes
  3 unseen horrors
  5 lindwurms
  An orc knight (D:15)
  4 harpies (Shoals:3)
  2 deep elf magi
  6 salamanders
  12 manticores
  3 fauns
  2 ugly things
  6 mana vipers
  9 cyclopes
  16 guardian serpents
  13 merfolk sirens
  10 naga magi
  6 water nymphs
  3 molten gargoyles (Lair:6)
  45 black mambas
  6 spiny frogs
  A rime drake (Lair:6)
  A yaktaur (D:15)
  A kobold demonologist (D:14)
  2 efreet
  13 komodo dragons
  3 meliai (D:15)
  2 polar bears
  23 merfolk
  8 trolls
  5 wind drakes
  Grinder (D:4)
  15 blink frogs
  14 hippogriffs
  A meliai zombie (D:13)
  13 snapping turtles
  16 dream sheep
  2 shadows
  6 wyverns
  A wraith (D:14)
  3 water elementals (Shoals:4)
  5 hogs
  3 basilisks
  A human (D:8)
  5 steam dragons
  40 yaks
  2 hungry ghosts
  Grum (Lair:1)
  8 vampire mosquitoes
  33 nagas
  16 water moccasins
  11 orc warriors
  8 porcupines
  A hornet zombie (D:12)
  5 hell hounds (Lair:6)
  6 sky beasts
  2 black bears (D:10)
  4 ice beasts
  A necrophage (D:9)
  21 ogres
  2 phantoms
  8 wolves
  4 crocodiles
  11 centaurs
  2 big kobolds
  17 bullfrogs
  A wyvern zombie (D:11)
  6 scorpions
  21 killer bees
  3 wights (D:14)
  7 howler monkeys
  7 electric eels
  8 crimson imps
  3 lava snakes (Lair:6)
  4 bullfrog zombies
  3 centaur zombies
  4 jellies
  17 orc priests
  4 bullfrog skeletons
  12 hounds
  A gnoll shaman (D:8)
  15 orc wizards
  3 centaur skeletons
  3 iguanas
  12 worker ants
  2 killer bee zombies
  6 big kobold zombies (Ossuary)
  A hound zombie (D:8)
  A howler monkey zombie (D:8)
  2 mummies
  A howler monkey skeleton (D:7)
  16 gnolls
  14 adders
  4 shadow imps
  3 oozes
  An adder skeleton (D:6)
  2 adder zombies
  8 worms
  3 dart slugs
  4 leopard geckos
  58 orcs
  2 spectral bats (Ossuary)
  11 bats
  2 bat simulacra (Ossuary)
  4 giant cockroaches
  6 gnoll zombies (Ossuary)
  6 goblins
  4 hobgoblins
  11 jackals
  17 kobolds
  9 quokkas
  3 ball pythons
  4 frilled lizards
  5 goblin simulacra (Ossuary)
  3 goblin zombies (Ossuary)
  2 hobgoblin zombies (Ossuary)
  A jackal skeleton (D:4)
  3 kobold simulacra (Ossuary)
  7 kobold zombies (Ossuary)
  6 orc zombies (Ossuary)
  13 rats
  2 rat simulacra (Ossuary)
  A spectral goblin (Ossuary)
  3 spectral kobolds (Ossuary)
  4 spectral rats (Ossuary)
  A fire vortex (Lair:5)
  7 plants
  4 tentacles (Shoals:3)
1058 creatures vanquished.

Vanquished Creatures (collateral kills)
  A hydra (Lair:5)
  An anaconda (Snake:1)
  A centaur warrior (D:15)
  A two-headed ogre (Orc:2)
  2 ogre magi (Orc:2)
  A tengu warrior (D:15)
  4 naga sharpshooters
  2 salamander mystics (Snake:4)
  An unseen horror (D:14)
  A sea snake (Snake:4)
  A deep troll (D:15)
  2 naga ritualists (Snake:4)
  A wolf spider zombie (D:15)
  A salamander (Snake:1)
  5 black mambas
  4 naga magi
  A spiny frog (Lair:5)
  A komodo dragon (Lair:5)
  6 trolls
  3 blink frogs
  A hippogriff (Lair:5)
  2 wyverns
  2 yaks (Lair:5)
  3 hogs (Lair:5)
  A vampire mosquito (D:14)
  3 nagas
  A water moccasin (Snake:1)
  2 orc warriors
  3 ogres
  A lava snake (Lair:6)
  3 orc priests
  3 orc wizards
  3 orcs
68 creatures vanquished.

Vanquished Creatures (others)
  A naga ritualist (Snake:4)
  A manticore (Shoals:4)
  A merfolk siren (Shoals:1)
  A human (Lair:5)
  2 nagas
  A crocodile (Lair:5)
  A fire vortex (Lair:5)
  6 fungi
  7 plants
  12 tentacles (Shoals:3)
  4 toadstools (D:10)
  A withered plant (Snake:2)
38 creatures vanquished.

Grand Total: 1164 creatures vanquished

Notes
Turn   | Place    | Note
-------+----------+-------------------------------------------
     0 | D:1      | Peloso the Minotaur Fighter began the quest for the Orb.
     0 | D:1      | Reached XP level 1. HP: 19/19 MP: 0/0
    96 | D:1      | Reached XP level 2. HP: 25/27 MP: 1/1
   104 | D:1      | Reached skill level 4 in Shields
   327 | D:1      | Reached XP level 3. HP: 11/33 MP: 2/2
   899 | D:2      | Reached XP level 4. HP: 38/40 MP: 3/3
   909 | D:2      | Reached skill level 1 in Dodging
  1536 | D:3      | Found a sparkling altar of Nemelex Xobeh.
  1618 | D:3      | Found a faded altar of an unknown god.
  1910 | D:3      | Reached XP level 5. HP: 33/47 MP: 4/4
  1938 | D:3      | Found a bloodstained altar of Trog.
  2244 | D:4      | Found a staircase to the Ecumenical Temple.
  2246 | D:4      | Noticed Grinder
  2246 | D:4      | Paralysed by Grinder for 2 turns
  2254 | Temple   | Entered the Ecumenical Temple
  2263 | Temple   | Became a worshipper of Warmaster Okawaru
  2283 | D:4      | Killed Grinder
  2283 | D:4      | Reached * piety under Okawaru
  2283 | D:4      | Reached skill level 5 in Fighting
  2283 | D:4      | Reached skill level 5 in Long Blades
  2283 | D:4      | Reached skill level 5 in Shields
  2283 | D:4      | Reached XP level 6. HP: 49/56 MP: 5/5
  2359 | D:4      | Reached XP level 7. HP: 33/61 MP: 6/6
  2584 | D:4      | Found a large runed translucent door.
  2625 | D:4      | Found a glowing golden altar of the Shining One.
  2704 | D:4      | Found a large runed translucent door.
  2719 | D:4      | Found a large runed translucent door.
  2719 | D:4      | Found a large runed translucent door.
  3101 | D:5      | Entered Level 5 of the Dungeon
  3125 | D:5      | Found a glowing drain.
  3153 | Sewer    | Entered a sewer
  3218 | Sewer    | Reached skill level 5 in Armour
  3218 | Sewer    | Reached skill level 6 in Shields
  3242 | Sewer    | Found a white marble altar of Elyvilon.
  3440 | D:5      | Found a radiant altar of Vehumet.
  3524 | D:5      | Reached ** piety under Okawaru
  3595 | D:5      | Reached XP level 8. HP: 58/70 MP: 7/7
  3770 | D:5      | Found a sacrificial altar of Ru.
  3812 | D:5      | Found a snail-covered altar of Cheibriados.
  4324 | D:6      | Reached skill level 7 in Shields
  4404 | D:6      | Found a runed translucent gate.
  4406 | D:6      | Found a runed translucent gate.
  4407 | D:6      | Found a runed translucent gate.
  4409 | D:6      | Noticed harness's ghost (amateur DrTm)
  4732 | D:6      | Found a shadowy altar of Dithmenos.
  5114 | D:4      | Got a polished quarterstaff
  5135 | D:4      | Identified the +7 quarterstaff of Umasiuly {crush, +Rage
                  | rN+} (You found it on level 4 of the Dungeon)
  5298 | D:7      | Reached *** piety under Okawaru
  5606 | D:7      | Reached XP level 9. HP: 71/78 MP: 8/8
  5655 | D:7      | Found a sand-covered staircase.
  5738 | D:7      | Reached skill level 8 in Shields
  5837 | Ossuary  | Entered an ossuary
  6639 | D:8      | You fall through a shaft for 2 floors!
  6639 | D:10     | Entered Level 10 of the Dungeon
  6687 | D:8      | Got a flickering copper amulet
  6688 | D:8      | Identified the amulet "Uruemuh" {RegenMP rElec Dex+2} (You
                  | found it on level 8 of the Dungeon)
  6695 | D:8      | Found an ornate altar of the Wu Jian Council.
  6777 | D:8      | Reached skill level 10 in Long Blades
  6846 | D:8      | Reached **** piety under Okawaru
  8060 | D:10     | Found Gozag's Platinum Reserve.
  8103 | D:10     | Found an opulent altar of Gozag.
  8140 | D:10     | Reached skill level 9 in Shields
  8163 | D:10     | Noticed a troll
  8165 | D:10     | Noticed a centaur warrior
  8170 | D:10     | Killed a troll
  8170 | D:10     | Reached XP level 10. HP: 81/86 MP: 9/9
  8183 | D:10     | Killed a centaur warrior
  8183 | D:10     | Reached ***** piety under Okawaru
  8183 | D:10     | Received a gift from Okawaru
  8572 | D:10     | Received a gift from Okawaru
  8586 | D:10     | Got a twisted shield {god gift}
  8592 | D:10     | Identified the +2 shield "Diraolef" {rF+ MR+} (Okawaru
                  | gifted it to you on level 10 of the Dungeon)
  8675 | D:10     | Noticed a centaur warrior
  8685 | D:10     | Killed a centaur warrior
  8822 | D:10     | Reached skill level 10 in Shields
  9327 | D:9      | Reached XP level 11. HP: 42/97 MP: 10/10
  9709 | D:9      | Reached skill level 11 in Shields
 10042 | D:9      | Found a deep blue altar of Sif Muna.
 10127 | D:11     | Found Xofal's Antique Armour Boutique.
 10136 | D:11     | Bought a pair of runed gloves for 180 gold pieces
 10152 | D:11     | Bought a glowing cloak for 180 gold pieces
 10476 | D:11     | Noticed a five-headed hydra
 10530 | D:10     | Killed an 11-headed hydra
 10834 | D:11     | Received a gift from Okawaru
 10908 | D:11     | Noticed a four-headed hydra
 10924 | D:11     | Killed a ten-headed hydra
 10924 | D:11     | Reached skill level 12 in Shields
 10924 | D:11     | Reached skill level 1 in Invocations
 11160 | D:11     | Noticed milododd's ghost (journeyman FoBe)
 11164 | D:11     | Found a runed translucent gate.
 11164 | D:11     | Found a runed translucent gate.
 11164 | D:11     | Found a runed translucent gate.
 11164 | D:11     | Noticed an iron dragon
 11181 | D:11     | Found a staircase to the Lair.
 11419 | D:11     | Reached skill level 10 in Armour
 11916 | Lair:1   | Entered Level 1 of the Lair of Beasts
 11999 | Lair:1   | Noticed Grum
 12012 | Lair:1   | Killed Grum
 12414 | Lair:1   | Noticed a four-headed hydra
 12440 | Lair:1   | Killed a 19-headed hydra
 12440 | Lair:1   | Reached skill level 10 in Fighting
 12926 | Lair:1   | Reached XP level 12. HP: 106/106 MP: 12/12
 12941 | Lair:1   | Reached skill level 1 in Stealth
 12969 | Lair:1   | Noticed Urug
 12982 | Lair:1   | Killed Urug
 13146 | Lair:1   | Reached skill level 13 in Shields
 13637 | Lair:1   | Found the +8 whip "Snakebite" {curare, rPois}
 14140 | Lair:2   | Reached ****** piety under Okawaru
 14147 | Lair:2   | Received a gift from Okawaru
 14477 | Lair:2   | Noticed a catoblepas
 14503 | Lair:2   | Killed a catoblepas
 15716 | Lair:3   | Found a staircase to the Snake Pit.
 16042 | Lair:3   | Noticed an eight-headed hydra
 16262 | D:12     | Reached skill level 14 in Shields
 16276 | D:12     | Noticed a two-headed ogre
 16283 | D:12     | Killed a two-headed ogre
 16347 | D:12     | Received a gift from Okawaru
 16541 | D:12     | Noticed a two-headed ogre
 16554 | D:12     | Killed a two-headed ogre
 16554 | D:12     | Reached XP level 13. HP: 82/115 MP: 14/14
 17056 | D:12     | Noticed Nessos
 17066 | D:12     | Killed Nessos
 17354 | D:12     | Found a staircase to the Orcish Mines.
 17505 | D:13     | Noticed Rupert
 17517 | D:13     | Reached skill level 15 in Shields
 17530 | D:13     | Killed Rupert
 17757 | D:13     | Reached skill level 1 in Evocations
 17770 | D:13     | Received a gift from Okawaru
 18213 | D:13     | Got a transparent flail
 18218 | D:13     | Identified the +4 flail of Currency {flame, rN++ Int-3}
                  | (You found it on level 13 of the Dungeon)
 18565 | Lair:4   | Found a staircase to the Shoals.
 18707 | Lair:4   | Reached skill level 15 in Long Blades
 18959 | Lair:4   | Found an opulent altar of Gozag.
 19261 | Lair:4   | Found the +9 sword of Zonguldrok {reap}
 19640 | Lair:5   | Reached XP level 14. HP: 116/127 MP: 15/15
 19648 | Lair:5   | Noticed Kirke
 19665 | Lair:5   | Killed Kirke
 19731 | Lair:5   | Reached skill level 16 in Shields
 19852 | Lair:5   | Found a staircase to the Slime Pits.
 19853 | Lair:5   | Found a viscous altar of Jiyva.
 20091 | Lair:5   | Received a gift from Okawaru
 20631 | Lair:6   | Entered Level 6 of the Lair of Beasts
 21987 | Lair:6   | Found a large runed translucent door.
 21987 | Lair:6   | Found a large runed translucent door.
 22983 | Orc:1    | Entered Level 1 of the Orcish Mines
 22983 | Orc:1    | Found Utzeuc's Magic Scroll Shop.
 23005 | Orc:1    | Bought a scroll of silence for 105 gold pieces
 23005 | Orc:1    | Bought a scroll of identify for 28 gold pieces
 23005 | Orc:1    | Bought a scroll of magic mapping for 49 gold pieces
 23005 | Orc:1    | Bought a scroll of identify for 28 gold pieces
 23005 | Orc:1    | Bought a scroll of torment for 105 gold pieces
 23011 | Orc:1    | Identified a scroll of acquirement
 23022 | Orc:1    | Found Fyufecye's Assorted Antiques.
 23091 | Orc:1    | Found Hailixi's Antique Weapon Shoppe.
 23174 | Orc:2    | Entered Level 2 of the Orcish Mines
 23319 | Orc:2    | Found Bathuw's Antique Armour Boutique.
 23387 | Orc:2    | Found a runed translucent door.
 23399 | Orc:2    | Noticed Howlingfantods's ghost (journeyman MiFi)
 23457 | Orc:2    | Received a gift from Okawaru
 23619 | Orc:2    | Reached skill level 17 in Shields
 23880 | Orc:2    | Killed Howlingfantods's ghost
 23883 | Orc:2    | Found the +5 pair of quick blades "Gyre" and "Gimble"
                  | {pierce, Dex-3}
 23913 | Orc:2    | Found Kiutset's Armour Boutique.
 23918 | Orc:2    | Found Runymaqo's Distillery.
 23920 | Orc:2    | Bought a crude plate armour for 756 gold pieces
 23930 | Orc:2    | Reached XP level 15. HP: 137/137 MP: 16/16
 23941 | Orc:2    | Identified the +5 plate armour of Beogh's Pride {rCorr}
                  | (You bought it in a shop on level 2 of the Orcish Mines)
 23965 | Orc:2    | Bought a pair of ichor-stained gloves for 256 gold pieces
 23977 | Orc:2    | Identified the cursed -2 pair of gloves of the Mutiny {rN+
                  | Str-4 Int+4} (You bought it in a shop on level 2 of the
                  | Orcish Mines)
 23994 | Orc:2    | Found Tasch's Antique Weapon Shop.
 24052 | Orc:2    | Found a staircase to the Elven Halls.
 24170 | Orc:1    | Found Tuotsefo's Weapon Shop.
 25223 | D:14     | Found a gate to the Vaults.
 25381 | D:15     | Entered Level 15 of the Dungeon
 25390 | D:15     | Received a gift from Okawaru
 25397 | D:15     | Got a pair of steaming boots {god gift}
 25438 | D:15     | Identified the -4 pair of boots of Liberalism {-Cast rN+
                  | Dex+4} (Okawaru gifted it to you on level 15 of the
                  | Dungeon)
 25529 | D:15     | Found a staircase to the Depths.
 26128 | Snake:1  | Entered Level 1 of the Snake Pit
 26149 | Snake:1  | Reached skill level 18 in Shields
 27797 | Snake:1  | Received a gift from Okawaru
 28103 | Snake:2  | Noticed a nagaraja
 28117 | Snake:2  | Killed a nagaraja
 28458 | Snake:2  | Found a runed translucent door.
 28458 | Snake:2  | Noticed P0WERM0DE's ghost (journeyman DDFi)
 28492 | Snake:2  | Killed P0WERM0DE's ghost
 28497 | Snake:2  | Identified the Grimoire of Hexes and Dislocation
 28804 | Snake:2  | Found a shimmering altar of Xom.
 28920 | Snake:2  | Reached XP level 16. HP: 142/147 MP: 17/17
 29472 | Snake:3  | Noticed Vashnia
 30039 | Snake:3  | Killed Vashnia
 30039 | Snake:3  | Received a gift from Okawaru
 30039 | Snake:3  | Reached skill level 15 in Fighting
 30039 | Snake:3  | Reached skill level 5 in Dodging
 30441 | Snake:3  | Got a crystal flail
 30475 | Snake:3  | Reached skill level 15 in Armour
 30598 | Snake:3  | Reached skill level 19 in Shields
 31488 | Snake:4  | Entered Level 4 of the Snake Pit
 32846 | Snake:4  | Received a gift from Okawaru
 32944 | Snake:4  | HP: 7/150 [nagaraja/bolt of poison (6)]
 34467 | Snake:4  | Reached skill level 20 in Shields
 34483 | Snake:4  | Reached XP level 17. HP: 134/158 MP: 18/18
 35447 | Snake:3  | Received a gift from Okawaru
 35455 | Snake:3  | Got a bloodstained great sword {god gift}
 36172 | Snake:4  | Got a serpentine rune of Zot
 36521 | Snake:4  | Received a gift from Okawaru
 37329 | Lair:1   | Identified the cursed +1 flail of Ycsidoxza {crush,
                  | *Corrode rPois MR+ Dex+4} (You found it on level 3 of the
                  | Snake Pit)
 37483 | Shoals:1 | Entered Level 1 of the Shoals
 37578 | Shoals:1 | Noticed Frances
 37595 | Shoals:1 | Killed Frances
 37823 | Shoals:1 | Found Wamias's Jewellery Boutique.
 37839 | Shoals:1 | Bought a ring of the Octopus King {rN+ AC+1 EV+1 Str+1
                  | Int+1 Dex+1} for 625 gold pieces
 37839 | Shoals:1 | Found the ring of the Octopus King {rN+ AC+1 EV+1 Str+1
                  | Int+1 Dex+1}
 38328 | Shoals:2 | Received a gift from Okawaru
 38367 | Shoals:2 | Reached skill level 21 in Shields
 38372 | Shoals:2 | Found a flickering gateway to a bazaar.
 38381 | Bazaar   | Entered a bazaar
 38399 | Bazaar   | Found Xenk's Antique Weapon Shoppe.
 38417 | Bazaar   | Found Kaumyla's Antique Weapon Emporium.
 38435 | Bazaar   | Found Qitu's Food Emporium.
 38435 | Bazaar   | Found Ycvo's Food Shoppe.
 38582 | Bazaar   | Bought a ration for 35 gold pieces
 38686 | Shoals:2 | Found Mafroc's Merry Market.
 38874 | Shoals:2 | Bought a potion of might for 64 gold pieces
 39182 | Shoals:2 | Noticed Polyphemus
 39754 | Shoals:2 | Killed Polyphemus
 40292 | Shoals:3 | Reached XP level 18. HP: 168/169 MP: 19/19
 41222 | Shoals:4 | Entered Level 4 of the Shoals
 41228 | Shoals:4 | Found the +7 great mace "Firestarter" {inner flame, rF++}
 41378 | Shoals:4 | Got a bound copper ring
 41412 | Shoals:4 | Identified the ring "Pyidojui" {MP+9 Int+3} (You found it
                  | on level 4 of the Shoals)
 41462 | Shoals:4 | Received a gift from Okawaru
 41480 | Shoals:4 | Got a barnacled rune of Zot
 41835 | Shoals:4 | Got a warped double sword {god gift}
 41836 | Shoals:4 | Identified the +4 double sword "Waodwees" {drain, Stlth+}
                  | (Okawaru gifted it to you on level 4 of the Shoals)
 42248 | Shoals:4 | Found a large runed translucent door.
 42248 | Shoals:4 | Found a large runed translucent door.
 42249 | Shoals:4 | Noticed popps's ghost (adept GrFi)
 42733 | Shoals:4 | Got an ichor-stained rapier
 43201 | Shoals:4 | Identified Roxanne's Almanac of Stones
 43201 | Shoals:4 | Noticed Roxanne
 43396 | Shoals:4 | Identified the ring "Vyxyunu" {Ice +Inv rPois Int+5}
 43515 | Shoals:4 | Killed Roxanne
 43545 | Shoals:4 | HP: 4/170 [water nymph/the raging water (25)]
 43548 | Shoals:4 | Killed popps's ghost
 43548 | Shoals:4 | Received a gift from Okawaru
 44100 | Shoals:4 | Reached skill level 22 in Shields
 44124 | Shoals:4 | HP: 1/170 [drowned by a drowned soul[a merfolk avatar]
                  | (12)]
 44125 | Shoals:4 | Drowned by a drowned soul

Skill      XL: |  1  2  3  4  5  6  7  8  9 10 11 12 13 14 15 16 17 18 |
---------------+-------------------------------------------------------+-----
Fighting       | 4 5 6 7 9 10 12 13 14 15 17 | 17.5
Shields        | 4 5 6 7 9 10 12 14 15 17 18 20 21 22 | 22.0
Long Blades    | 3 5 6 7 8 10 12 13 14 15 16 17 18 | 18.7
Armour         | 4 5 7 8 9 10 11 12 13 14 15 16 17 | 17.1
Dodging        | 1 2 3 4 5 |  5.6
Invocations    | 1 2 3 |  3.9
Stealth        | 1 2 3 |  3.4
Evocations     | 1 |  1.4

Action                   |  1- 3 |  4- 6 |  7- 9 | 10-12 | 13-15 | 16-18 || total
-------------------------+-------+-------+-------+-------+-------+-------++-------
Melee: Long sword        |    70 |   134 |   483 |   359 |       |       ||  1046
       Headbutt          |    15 |    21 |   110 |   235 |   270 |   394 ||  1045
       Falchion          |       |       |       |   474 |       |       ||   474
       Demon blade       |       |       |       |    16 |   332 |       ||   348
       Double sword      |       |       |       |       |   712 |  1203 ||  1915
       Scimitar          |       |       |       |       |     7 |       ||     7
Invok: Heroism           |       |       |     1 |     5 |     6 |    13 ||    25
       Finesse           |       |       |       |     4 |       |     1 ||     5
Evoke: Wand              |       |       |       |     7 |    10 |       ||    17
  Use: Potion            |       |     1 |     1 |     2 |     5 |    13 ||    22
       Scroll            |       |       |    11 |     2 |    12 |    16 ||    41
 Stab: Distracted        |       |       |       |       |     6 |     4 ||    10
       Petrifying        |       |       |       |       |       |     1 ||     1
  Eat: Chunk             |       |     4 |    14 |    17 |    20 |    19 ||    74
       Ration            |       |       |     2 |     3 |     6 |     8 ||    19
Armor: Scale mail        |    54 |     9 |       |       |       |       ||    63
       Chain mail        |       |    76 |    27 |       |       |       ||   103
       Plate armour      |       |       |   203 |   336 |   456 |   459 ||  1454
Dodge: Dodged            |    32 |    44 |    93 |   201 |   289 |   370 ||  1029
       Deflected         |       |       |       |       |       |    27 ||    27
Block: Shield            |    50 |    97 |   287 |   619 |   945 |  1228 ||  3226
       Rpst.: Long sword |     9 |     9 |    34 |    25 |       |       ||    77
       Falchion          |       |       |       |    25 |       |       ||    25
       Demon blade       |       |       |       |     2 |    14 |       ||    16
       Double sword      |       |       |       |       |    33 |    60 ||    93
       Scimitar          |       |       |       |       |     1 |       ||     1
